 Dungeon Crawl Stone Soup version 0.27-a0-1277-g3808f8b1c9 (webtiles) character file.

Game seed: 2432395716729451123

75 Glokmah the Shield-Bearer (level 4, -14/60 HPs)
             Began as a Hill Orc Fighter on June 12, 2021.
             Killed by divine providence
             ... invoked by an orc priest
              (17 damage)
             ... on level 2 of the Dungeon.
             The game lasted 00:02:20 (1105 turns).

Glokmah the Shield-Bearer (Hill Orc Fighter)        Turns: 1105, Time: 00:02:20

Health: -14/60     AC: 22    Str: 18    XL:     4   Next: 31%
Magic:  4/4        EV:  2    Int:  8    God:
Gold:   102        SH:  9    Dex: 11    Spells: 3/3 levels left

rFire    . . .     SeeInvis .   a - +0 war axe
rCold    . . .     Faith    .   c - +0 kite shield
rNeg     + + +     Spirit   .   (armour currently unavailable)
rPois    +         Reflect  .   (helmet currently unavailable)
rElec    .         Harm     .   (cloak currently unavailable)
rCorr    .         Rampage  .   (gloves currently unavailable)
Will     .....     NoTele   +   (boots currently unavailable)
Stlth    +.........             (no amulet)
HPRegen  0.20/turn              (no ring)
MPRegen  0.09/turn              (no ring)

@: tree-form
A: stationary, stasis, torment immunity, boosted hp
a: Convert to Beogh


You were on level 2 of the Dungeon.
You were a tree.
You visited 1 branch of the dungeon, and saw 2 of its levels.

You collected 102 gold pieces.

Inventory:

Hand Weapons
 a - a +0 war axe (weapon)
Armour
 c - a +0 kite shield (worn)
 h - a +3 leather armour (melded)
Scrolls
 b - a scroll of enchant weapon {unknown}
 j - a scroll of noise {unknown}
Potions
 d - a potion of might
 e - a potion of magic
 f - a potion of lignification
 g - a potion of heal wounds {unknown}
 i - a potion of invisibility {unknown}
 k - a potion of resistance {unknown}


   Skills:
 + Level 4.2 Fighting
 * Level 4.2 Axes
 - Level 3.3 Armour
 * Level 4.3 Shields


You had 3 spell levels left.
You didn't know any spells.
Your spell library was empty.

Dungeon Overview and Level Annotations

Branches:
Dungeon (2/15)

Altars:


Message History

The orc priest shouts, "Surrender to Beogh and we'll let you live!"
Okay, then.
You bump into the rock wall.
Something hits you.
You bump into the rock wall.
You hear some strange, mumbled words.
A magic dart appears from out of thin air!
The magic dart hits you.
* * * LOW HITPOINT WARNING * * *
Unknown command.
You bump into the rock wall.
Something hits you.
* * * LOW HITPOINT WARNING * * *
You hear some strange, mumbled words.
A puff of flame appears from out of thin air!
The puff of flame hits you.
* * * LOW HITPOINT WARNING * * *
It was a potion of magic.
Magic courses through your body.
It was a potion of lignification.
You turn into a tree.
Your +3 leather armour melds into your body.
Your roots penetrate the ground.
Something hits you but does no damage.
You cannot move. (Use ctrl+direction or * direction to attack without moving.)
Something hits you but does no damage.
You cannot move. (Use ctrl+direction or * direction to attack without moving.)
You cannot move. (Use ctrl+direction or * direction to attack without moving.)
You cannot move. (Use ctrl+direction or * direction to attack without moving.) Unknown command.
You cannot move. (Use ctrl+direction or * direction to attack without moving.)
There are monsters nearby!
There's something in the way.
You completely miss something. Something hits you but does no damage.
There's something in the way.
You completely miss something.
You hear some strange, mumbled words.
Something tries to affect you, but you resist.
Something hits you but does no damage.
Okay, then.
You closely miss something.
You feel less confused.
The orc priest invokes the aid of Beogh against you.
Beogh smites you!
You die... #.......# #.#....#.#.### .......# #.#......#.... ....... #.#.##†####### ..... #..........# .oo. #..........### #oo

#.....#..#.... #.#
#.............
#o##########..####....
#ooo{♣.........^.#.###
######.###..÷#.#.#.#
#....#.....[.#.#.#
.#######....#...#.###.#.#
.......#....#.#..÷....#.#
.......#....#...#.#####.#
................#.## #.#
.......#...#...#...# #.#
...........+...+...# #.#


You could see an orc priest and 3 orcs.

Vanquished Creatures
  An orc priest (D:2)
  2 dart slugs (D:1)
  4 endoplasms
  A giant cockroach (D:1)
  A goblin (D:1)
  5 hobgoblins
  10 jackals
  2 quokkas (D:2)
  6 ball pythons
  A kobold (D:1)
  3 rats
36 creatures vanquished.

Notes
Turn   | Place    | Note
-------+----------+-------------------------------------------
     0 | D:1      | Glokmah the Hill Orc Fighter began the quest for the Orb.
     0 | D:1      | Reached XP level 1. HP: 19/19 MP: 1/1
   106 | D:1      | Reached XP level 2. HP: 26/27 MP: 2/2
   345 | D:1      | Reached XP level 3. HP: 33/33 MP: 3/3
  1080 | D:2      | Reached XP level 4. HP: 26/40 MP: 4/4
  1099 | D:2      | HP: 1/40 [something/puff of flame (5)]
  1105 | D:2      | Killed from afar by an orc priest

Illustrated notes

Levels and vault maps discovered:
D:1:      dpeg_arrival_radiant, layout_rooms
D:2:      cheibrodos_pilgrimage, layout_basic

Skill      XL: |  1  2  3 |
---------------+----------+-----
Axes           | 3 4 |  4.2
Fighting       | 4 |  4.2
Shields        | 4 |  4.3
Armour         | |  3.3

Action                   |  1- 3 |  4- 6 || total
-------------------------+-------+-------++-------
Melee: War axe           |    82 |    10 ||    92
  Use: Potion            |       |     2 ||     2
Armor: Scale mail        |     7 |       ||     7
       Leather armour    |    37 |     7 ||    44
       Skin              |       |     4 ||     4
Dodge: Dodged            |    29 |     1 ||    30
Block: Kite shield       |    44 |     1 ||    45

Table legend: (Time is in decaauts)
 A = Elapsed time spent in this place.
 B = Non-inter-level travel time spent in this place.
 C = Inter-level travel time spent in this place.
 D = Time resting spent in this place.
 E = Time spent auto-exploring this place.
 F = Levels seen in this place.
 G = Mean time per level.
                   A        B        C        D        E       F      G
               +--------+--------+--------+--------+--------+-----+--------+
         Total |   1157 |   1088 |     69 |      0 |    739 |   2 |  578.5 |
       Dungeon |   1157 |   1088 |     69 |      0 |    739 |   2 |  578.5 |
               +--------+--------+--------+--------+--------+-----+--------+

Top non-repeatable levels by time:
     D:1: 686 daAuts
     D:2: 470 daAuts
